 Dungeon Crawl Stone Soup version 0.29-a0-1047-g7c58e119a4 (webtiles) character file.

Game seed: 3817665194591195307

143 Zeldest the Stinger (level 5, 0/45 HPs)
             Began as a Meteoran Venom Mage on Aug 16, 2022.
             Slain by a hobgoblin (1 damage)
             ... on level 3 of the Dungeon.
             The game lasted 00:06:45 (713 turns).

Zeldest the Stinger (Meteoran Venom Mage)            Turns: 713, Time: 00:06:45

Health: 0/45       AC:  3    Str:  8    XL:     5   Next: 80%
Magic:  11/11      EV: 13    Int: 16    God:
Gold:   49         SH:  0    Dex: 22    Spells: 5/11 levels left

rFire   . . .      SeeInvis .   h - +2 dagger (flame)
rCold   . . .      Faith    .   (no shield)
rNeg    . . .      Spirit   .   a - +0 robe
rPois   .          Reflect  .   (no helmet)
rElec   +          Harm     .   (no cloak)
rCorr   .          Rampage  .   (no gloves)
Will    .....                   g - +0 pair of boots
Stlth   +.........              (no amulet)
HPRegen 0.15/turn               (no ring)
MPRegen 0.12/turn               (no ring)

@: confused, weak-willed, attractive, glowing
A: sense surroundings 1, otherworldly, glowing, explore regen, agile 2, robust
1, electricity resistance
a: no special abilities


You were on level 3 of the Dungeon.
You visited 1 branch of the dungeon, and saw 4 of its levels.

You collected 49 gold pieces.

Inventory:

Hand Weapons
 h - a +2 dagger of flaming (weapon)
Armour
 a - a +0 robe (worn)
 g - a +0 pair of boots (worn)
Scrolls
 b - a scroll of teleportation {unknown}
 c - 2 scrolls of blinking {unknown}
 f - a scroll of vulnerability
 i - a scroll of identify {unknown}
 j - a scroll of enchant weapon {unknown}


   Skills:
 + Level 2.1 Fighting
 - Level 2.5 Dodging
 - Level 1.5 Stealth
 + Level 3.9 Spellcasting
 - Level 1.1 Translocations
 - Level 1.4 Transmutations
 + Level 2.4 Air Magic
 + Level 4.6 Poison Magic


You had 5 spell levels left.
You knew the following spells:

 Your Spells              Type           Power      Damage    Failure   Level
a - Sting                 Tmut/Pois      48%        1d5       4%          1
b - Poisonous Vapours     Pois/Air       28%        N/A       6%          2
c - Mephitic Cloud        Conj/Pois/Air  10%        N/A       21%         3

Your spell library contained the following spells:

 Spells                   Type           Power      Damage    Failure   Level
 Shock                    Conj/Air       24%        1d4       11%         1
 Swiftness                Air            10%        N/A       19%         3
 Olgreb's Toxic Radiance  Pois           17%        N/A       26%         4
 Confusing Touch          Hex            3%         N/A       45%         3
 Tukima's Dance           Hex            3%         N/A       45%         3
 Airstrike                Air            5%         2d(1-17)  54%         4
 Passage of Golubria      Tloc           6%         N/A       71%         4
 Yara's Violent Unravell  Hex/Tmut       2%         3d3       98%         5
 Enfeeble                 Hex            1%         N/A       100%        7


Dungeon Overview and Level Annotations

Branches:
Dungeon (4/15) Zot: 1687
 Temple: D:4-7

Altars:

Annotations:
D:3 Robin


Innate Abilities, Weirdness & Mutations

You passively map a small area around you.
You are easily found by Zot.
You glow in the dark.
You regain HP and MP as you explore.
You are very agile. (Dex +8, Str/Int -2)
You are robust. (+10% HP)
You are resistant to electric shocks. (rElec)


Message History

The orc barely misses you. The goblin hits you but does no damage.
The goblin closely misses you.
You hear some strange, mumbled words.
You are more confused.
The goblin hits you with a +0 dagger. The orc attacks as you move away!
The orc hits you with a +0 hand axe. The goblin closely misses you.
A goblin comes into view. It is wielding a +0 club.
The goblin hits you but does no damage. Robin throws the goblin at you!
The orc is attracted toward you. The goblin is attracted toward you.
You feel much better. The orc closely misses you.
The goblin hits you with a +0 club.
The hobgoblin hits you but does no damage.
The goblin barely misses you. x2
You barely miss the goblin. The goblin hits you with a +0 club.
The hobgoblin hits you. The orc barely misses you.
The goblin hits you with a +0 club. The goblin barely misses you.
You hit the hobgoblin but do no damage. The orc barely misses you.
The goblin closely misses you. The hobgoblin hits you.
The goblin hits you but does no damage.
Robin roars a battlecry!
The goblin goes into a battle-frenzy!
The goblin hits you with a +0 club. The goblin is attracted toward you.
You hit the goblin. You burn the goblin.
You kill the goblin!
The orc misses you.
A goblin comes into view. It is wielding a +0 club.
The hobgoblin hits you. The goblin hits you with a +0 club.
* * * LOW HITPOINT WARNING * * *
The goblin hits you but does no damage. The goblin is attracted toward you.
The goblin barely misses you. The goblin hits you with a +0 club.
* * * LOW HITPOINT WARNING * * *
The goblin is attracted toward you.
You see here a +0 club.
You bump into the rock wall.
The goblin hits you with a +0 club.
* * * LOW HITPOINT WARNING * * *
The goblin barely misses you. The hobgoblin hits you.
* * * LOW HITPOINT WARNING * * *
You bump into the rock wall.
The hobgoblin hits you.
You die...

#.........
#.......#**
#.......#
#.......# *
#.......#
#gg.....# .#
#o{o....######....
#gggg.............
#@gggg.......##...
#######..........#
#........... *
#####...........
,,
.......g.........
......g..>.......
....g..g.........
*, ,
............#.###
, ..g.........# #


You could see Robin, 2 orcs, a hobgoblin (strong, weak-willed) and 8 goblins.

Vanquished Creatures
  An ogre (D:4)
  An orc priest (D:2)
  An ufetubus (D:4)
  2 orcs
  5 ball pythons
  A bat (D:3)
  An endoplasm (D:1)
  2 giant cockroaches (D:2)
  3 goblins
  A hobgoblin (D:1)
  A kobold (D:1)
  A quokka (D:1)
  A frilled lizard (D:2)
  A rat (D:3)
22 creatures vanquished.

Notes
Turn   | Place    | Note
-------+----------+-------------------------------------------
     0 | D:1      | Zeldest the Meteoran Venom Mage began the quest for the
                  | Orb.
     0 | D:1      | Reached XP level 1. HP: 14/14 MP: 5/5
    13 | D:1      | You fall into a shaft and drop 1 floor!
    79 | D:1      | Reached XP level 2. HP: 11/20 MP: 2/6
    82 | D:1      | Learned a level 2 spell: Poisonous Vapours
   382 | D:2      | Reached XP level 3. HP: 19/27 MP: 4/8
   389 | D:2      | Reached skill level 1 in Fighting
   389 | D:2      | Reached skill level 1 in Translocations
   389 | D:2      | Reached skill level 1 in Air Magic
   389 | D:2      | Reached skill level 4 in Poison Magic
   389 | D:2      | Reached XP level 4. HP: 9/35 MP: 6/9
   485 | D:3      | Learned a level 3 spell: Mephitic Cloud
   654 | D:4      | Noticed an ogre
   671 | D:4      | Killed an ogre
   672 | D:4      | Reached XP level 5. HP: 28/41 MP: 2/11
   690 | D:3      | Noticed Robin
   703 | D:3      | Gained mutation: You are agile. (Dex +4, Str/Int -1)
                  | [potion of mutation]
   703 | D:3      | Gained mutation: You are very agile. (Dex +8, Str/Int -2)
                  | [potion of mutation]
   703 | D:3      | Gained mutation: You are robust. (+10% HP) [potion of
                  | mutation]
   703 | D:3      | Gained mutation: You are resistant to electric shocks.
                  | (rElec) [potion of mutation]
   712 | D:3      | HP: 1/45 [hobgoblin (4)]
   713 | D:3      | Slain by a hobgoblin

Illustrated notes

Levels and vault maps discovered:
D:1:      spicycebolla_arrival_risky_transporter, layout_loops_ring
D:2:      layout_basic, basic_ecumenical_altar
D:3:      layout_basic, gup_sewer_entry_bubbles, uniq_sigmund, uniq_robin,
          uniq_natasha
D:4:      layout_rooms, mainiacjoe_overflow_two_lobes, uniq_pikel

Skill      XL: |  1  2  3  4 |
---------------+-------------+-----
Spellcasting   | 3 |  3.9
Fighting       | 1 2 |  2.1
Translocations | 1 |  1.1
Air Magic      | 1 2 |  2.4
Poison Magic   | 4 |  4.6
Dodging        | |  2.5
Stealth        | |  1.5
Transmutations | |  1.4

Action                   |  1- 3 |  4- 6 || total
-------------------------+-------+-------++-------
Melee: Unarmed           |     3 |       ||     3
       Punch             |     1 |       ||     1
       Dagger            |     8 |    12 ||    20
 Cast: Sting             |    18 |     8 ||    26
       Poisonous Vapours |     5 |     4 ||     9
  Use: Potion            |     1 |     4 ||     5
       Scroll            |       |     1 ||     1
Armor: Robe              |     6 |    10 ||    16
Dodge: Dodged            |     7 |    26 ||    33

Table legend: (Time is in decaauts)
 A = Elapsed time spent in this place.
 B = Non-inter-level travel time spent in this place.
 C = Inter-level travel time spent in this place.
 D = Time resting spent in this place.
 E = Time spent auto-exploring this place.
 F = Levels seen in this place.
 G = Mean time per level.
                   A        B        C        D        E       F      G
               +--------+--------+--------+--------+--------+-----+--------+
         Total |    711 |    679 |     32 |      0 |      0 |   4 |  177.8 |
       Dungeon |    711 |    679 |     32 |      0 |      0 |   4 |  177.8 |
               +--------+--------+--------+--------+--------+-----+--------+

Top non-repeatable levels by time:
     D:1: 292 daAuts
     D:3: 204 daAuts
     D:2: 171 daAuts
     D:4: 43 daAuts
